 Dungeon Crawl Stone Soup version 0.21.0-25-ge575cb9ce8 (webtiles) character file.

1341 Hat the Cleaver (level 8, -6/68 HPs)
             Began as a Deep Dwarf Berserker on Jan 26, 2018.
             Was a Believer of Trog.
             Mangled by an orc warrior
             ... wielding a +0 dire flail
              (15 damage)
             ... on level 6 of the Dungeon.
             The game lasted 00:30:20 (5114 turns).

Hat the Cleaver (Deep Dwarf Berserker)              Turns: 5114, Time: 00:30:21

Health: -6/68      AC:  8    Str: 23    XL:     8   Next: 35%
Magic:  8/8        EV: 12    Int:  8    God:    Trog [**....]
Gold:   301        SH:  0    Dex: 14    Spells: 7/7 levels left

rFire    . . .     SeeInvis .   a - +0 hand axe
rCold    . . .     Gourm    .   (no shield)
rNeg     . . .     Faith    .   r - +0 ring mail {MR+}
rPois    .         Spirit   .   p - +0 helmet
rElec    .         Reflect  .   D - +0 cloak
rCorr    +         Harm     .   t - +0 pair of gloves
MR       ++...                  (no boots)
Stlth    +.........             (no amulet)
HPRegen  0.00/turn              w - +2 ring of dexterity
MPRegen  0.11/turn              y - ring of resist corrosion

@: non-regenerating
A: damage resistance, heal wounds, sense surroundings 1, no regeneration
a: Heal Wounds, Berserk, Trog's Hand, Burn Spellbooks, Renounce Religion


You were on level 6 of the Dungeon.
You worshipped Trog.
Trog was pleased with you.
You were hungry.

You visited 2 branches of the dungeon, and saw 9 of its levels.

You collected 301 gold pieces.

Inventory:

Hand Weapons
 a - a +0 hand axe (weapon)
 z - a +0 battleaxe
 C - a +0 broad axe
Armour
 p - a +0 helmet (worn)
 r - a +0 ring mail of magic resistance (worn)
 t - a +0 pair of gloves (worn)
 D - a +0 cloak (worn)
Jewellery
 w - a +2 ring of dexterity (left hand)
 y - a ring of resist corrosion (right hand)
Scrolls
 b - 4 scrolls of remove curse {unknown}
 d - 2 scrolls of immolation {unknown}
 e - 7 scrolls of identify {unknown}
 g - 2 scrolls of fog {unknown}
 i - 2 scrolls of enchant armour {unknown}
 k - a scroll of enchant weapon {unknown}
 m - a scroll of teleportation {unknown}
 n - 3 scrolls of random uselessness {unknown}
Potions
 f - 2 potions of heal wounds {unknown}
 h - 2 potions of curing {unknown}
 j - 2 potions of degeneration {unknown}
 o - a potion of agility {unknown}
 q - a potion of might {unknown}
 s - a potion of resistance {unknown}
 u - 2 potions of ambrosia {unknown}
 v - a potion of mutation {unknown}
 x - 2 potions of haste {unknown}
 B - 2 potions of flight {unknown}
Comestibles
 c - 13 rations
 A - 11 chunks of flesh


   Skills:
 - Level 2.7 Fighting
 * Level 11.4 Axes
 - Level 2.2 Armour
 - Level 2.2 Dodging


You had 7 spell levels left.
You didn't know any spells.

Dungeon Overview and Level Annotations

Branches:
Dungeon (8/15)             Temple (1/1) D:4            Lair (0/6) D:8

Altars:
Ashenzari
Cheibriados
Dithmenos
Elyvilon
Fedhas
Gozag
Hepliaklqana
Kikubaaqudgha
Makhleb
Nemelex Xobeh
Qazlal
Ru
Sif Muna
Trog
Uskayaw
Vehumet
Wu Jian
Yredelemnul
Zin
The Shining One

Shops:
D:4 !


Innate Abilities, Weirdness & Mutations

You are resistant to damage.
You can heal yourself by infusing magical energy.
You passively map a small area around you.
You do not regenerate.


Message History

You hit the orc warrior.
The orc warrior is lightly wounded.
The orc warrior closely misses you.
You hit the orc warrior.
The orc warrior is lightly wounded.
You closely miss the orc warrior.
The orc warrior is lightly wounded.
The orc warrior hits you but does no damage.
You hit the orc warrior but do no damage.
The orc warrior is lightly wounded.
The orc warrior misses you.
You closely miss the orc warrior.
The orc warrior is lightly wounded.
You closely miss the orc warrior.
The orc warrior is lightly wounded.
The orc warrior misses you.
You barely miss the orc warrior.
The orc warrior is lightly wounded.
The orc warrior hits you with a dire flail!
You die...

* * , * *### ## * ## #.#*
.., , .##.#.. ...,..,
*......?##.##. , .
#.......... #..
##......... ..
.........#.##.#
.........#@)..##+## ##
........#o####...## #.
*#........###.....## #.
#....#.####.......## ##.
#......###.........####..
##.....(.+.........'.....
##....###.........####..
##.#.# #.......## ##.
###.# ##.....## ##


You could see an orc warrior.

Vanquished Creatures
  The ghost of GuyWithAPlan the Covert, an amateur OpAs (D:3)
  A water moccasin (D:6)
  A sky beast (D:6)
  A phantom (D:5)
  2 ogres
  A centaur (D:5)
  2 scorpions (D:5)
  2 howler monkeys
  A crimson imp (D:5)
  A bullfrog zombie (D:6)
  An orc priest (D:4)
  5 worker ants
  2 orc wizards (D:4)
  A worker ant zombie (D:5)
  5 gnolls
  9 adders
  3 worms
  3 dart slugs
  3 leopard geckos
  16 orcs
  9 bats
  3 giant cockroaches
  7 goblins
  4 hobgoblins (D:2)
  3 jackals (D:1)
  9 kobolds
  6 quokkas
  A ball python (D:1)
  A ball python skeleton (D:4)
  3 frilled lizards
  A leopard gecko zombie (D:6)
  A quokka skeleton (D:5)
  11 rats
120 creatures vanquished.

Notes
Turn   | Place    | Note
-------+----------+-------------------------------------------
     0 | D:1      | Hat the Deep Dwarf Berserker began the quest for the Orb.
     0 | D:1      | Reached XP level 1. HP: 20/20 MP: 1/1
    97 | D:1      | Reached XP level 2. HP: 22/27 MP: 2/2
   125 | D:1      | Reached skill level 4 in Axes
   195 | D:1      | Reached XP level 3. HP: 14/33 MP: 3/3
   401 | D:1      | Reached ** piety under Trog
   538 | D:1      | Reached skill level 5 in Axes
   923 | D:2      | Found a faded altar of an unknown god.
   968 | D:2      | Reached XP level 4. HP: 24/40 MP: 4/4
  1173 | D:2      | Reached skill level 6 in Axes
  1360 | D:2      | Reached XP level 5. HP: 14/46 MP: 5/5
  1812 | D:5      | Entered Level 5 of the Dungeon
  1861 | D:3      | Reached skill level 7 in Axes
  1948 | D:3      | Reached *** piety under Trog
  2273 | D:3      | Noticed GuyWithAPlan's ghost (amateur OpAs)
  2291 | D:3      | Killed GuyWithAPlan's ghost
  2291 | D:3      | Reached XP level 6. HP: 31/55 MP: 6/6
  2619 | D:4      | Found a staircase to the Ecumenical Temple.
  2721 | D:4      | Reached skill level 8 in Axes
  2756 | Temple   | Entered the Ecumenical Temple
  3114 | D:4      | HP: 2/55 [ogre/giant spiked club (16)]
  3119 | D:4      | Reached skill level 9 in Axes
  3119 | D:4      | Reached XP level 7. HP: 6/61 MP: 7/7
  3137 | D:4      | Found Temutes's Distillery.
  3976 | D:5      | Reached skill level 10 in Axes
  4613 | D:6      | Reached XP level 8. HP: 36/68 MP: 8/8
  4871 | D:6      | Reached skill level 11 in Axes
  5114 | D:6      | Mangled by an orc warrior

Skill      XL: |  1  2  3  4  5  6  7  8 |
---------------+-------------------------+-----
Axes           | 4 5 6 7 9 10 11 | 11.4
Fighting       | |  2.7
Armour         | |  2.2
Dodging        | |  2.2

Action                   |  1- 3 |  4- 6 |  7- 9 || total
-------------------------+-------+-------+-------++-------
Melee: Hand axe          |   107 |   263 |   263 ||   633
Invok: Trog's Hand       |     1 |     5 |    13 ||    19
  Eat: Chunk             |       |     6 |    11 ||    17
       Ration            |       |     1 |       ||     1
Armor: Leather armour    |    10 |       |       ||    10
       Ring mail         |    23 |    16 |    59 ||    98
       Chain mail        |       |    92 |       ||    92
Dodge: Dodged            |    49 |    90 |    99 ||   238
